 Dungeon Crawl Stone Soup version 0.26-a0-651-gb41185065b (webtiles) character file.

Game seed: 8826962386112898659

167 Lanoc the Sneak (level 5, 0/42 HPs)
             Began as a Merfolk Brigand on Oct 22, 2020.
             Succumbed to a scorpion's poison
             ... on level 4 of the Dungeon.
             The game lasted 00:01:55 (1845 turns).

Lanoc the Sneak (Merfolk Brigand)                   Turns: 1845, Time: 00:01:56

Health: 0/42       AC:  3    Str: 11    XL:     5   Next: 48%
Magic:  5/5        EV: 14    Int: 10    God:
Gold:   141        SH:  0    Dex: 17    Spells: 4/4 levels left

rFire    . . .     SeeInvis .   a - +2 dagger
rCold    . . .     Faith    .   (no shield)
rNeg     . . .     Spirit   +   b - +0 robe
rPois    .         Reflect  .   (no helmet)
rElec    .         Harm     .   c - +0 cloak
rCorr    .         Rampage  .   (no gloves)
MR       .....                  (no boots)
Stlth    +++.......             i - amulet of guardian spirit
HPRegen  0.14/turn              o - ring of flight
MPRegen  0.09/turn              (no ring)

@: lethally poisoned (0 -> -14), very slightly contaminated, invisible
A: change form in water, swift swim, stealthy swim
a: Evoke Flight


You were on level 4 of the Dungeon.
You visited 1 branch of the dungeon, and saw 4 of its levels.

You collected 141 gold pieces.

Inventory:

Hand Weapons
 a - a +2 dagger (weapon)
Missiles
 d - 24 poisoned darts (quivered)
 e - 2 curare-tipped darts
Armour
 b - a +0 robe (worn)
 c - a +0 cloak (worn)
Jewellery
 i - an amulet of guardian spirit (around neck)
 o - a ring of flight (left hand)
Wands
 q - a wand of random effects (15)
Scrolls
 f - 5 scrolls of identify {unknown}
 g - 2 scrolls of noise {unknown}
 h - a scroll of blinking {unknown}
 j - a scroll of enchant weapon {unknown}
 k - a scroll of enchant armour {unknown}
 l - 2 scrolls of random uselessness {unknown}
 m - 5 scrolls of remove curse {unknown}


   Skills:
 + Level 3.8 Fighting
 - Level 2.4 Short Blades
 - Level 2.0 Throwing
 + Level 4.0 Dodging
 + Level 5.6 Stealth


You had 4 spell levels left.
You didn't know any spells.
Your spell library was empty.

Dungeon Overview and Level Annotations

Branches:
Dungeon (4/15)
 Temple: D:4-7

Altars:
Makhleb
Qazlal
Vehumet
Xom


Message History

The scorpion poisons you!
* * * LOW HITPOINT WARNING * * *
You feel sick.
* * * LOW HITPOINT WARNING * * *
You feel sick.
* * * LOW HITPOINT WARNING * * *
You feel sick.
You kill the scorpion!
Your Dodging skill increases to level 4!
It was a potion of magic.
Magic courses through your body.
* * * LOW HITPOINT WARNING * * *
You feel sick.
It was a potion of invisibility.
You fade into invisibility!
* * * LOW HITPOINT WARNING * * *
You feel sick.
You are very lightly contaminated with residual magic.
* * * LOW HITPOINT WARNING * * *
You feel sick.
You die...

#### ###...
......######
#..........#
.$....(..#.#
..#...†.#.#
........@#.####.##
..................
.#.......#.#######
.# .....>...#.#
#.#
.#.........####
#.# ####.#....##.#
#.# #......##.#
#.# ###....##.###
#.#
#..........#####.#


There were no monsters in sight!

Vanquished Creatures
  A scorpion (D:4)
  A worker ant (D:3)
  6 adders
  An ooze (D:1)
  A worm (D:3)
  A dart slug (D:1)
  A leopard gecko (D:3)
  An orc (D:3)
  5 bats
  A giant cockroach (D:2)
  2 goblins
  A hobgoblin (D:2)
  8 kobolds
  3 frilled lizards
  3 rats
36 creatures vanquished.

Notes
Turn   | Place    | Note
-------+----------+-------------------------------------------
     0 | D:1      | Lanoc the Merfolk Brigand began the quest for the Orb.
     0 | D:1      | Reached XP level 1. HP: 16/16 MP: 1/1
   174 | D:1      | Reached XP level 2. HP: 23/23 MP: 2/2
   459 | D:2      | Reached XP level 3. HP: 28/28 MP: 3/3
   523 | D:2      | Reached skill level 5 in Stealth
   961 | D:3      | Reached XP level 4. HP: 18/35 MP: 4/4
  1350 | D:3      | Found a stormy altar of Qazlal.
  1393 | D:3      | Found a radiant altar of Vehumet.
  1659 | D:3      | Reached XP level 5. HP: 41/41 MP: 5/5
  1737 | D:4      | Found a shimmering altar of Xom.
  1750 | D:4      | Found a burning altar of Makhleb.
  1843 | D:4      | HP: 2/42 [poisoned by a scorpion]
  1845 | D:4      | Succumbed to a scorpion's poison

Illustrated notes

Levels and vault maps discovered:
D:1:      psy_arrival_basics, layout_loops_ring
D:2:      layout_rooms, chequers_ecumenical_altar_grove, minmay_ruptured
D:3:      layout_loops_ring, marbit_many_paths, nicolae_qazlal_general_emergency
D:4:      layout_basic, elyvilon_altar_3, lemuel_round_altar,
          nicolae_overflow_crystal_walls, serial_shops, shop_statue,
          trog_butcher_becter

Skill      XL: |  1  2  3  4  5 |
---------------+----------------+-----
Dodging        | 2 3 4 |  4.0
Fighting       | 3 |  3.8
Stealth        | 5 |  5.6
Short Blades   | |  2.4
Throwing       | |  2.0

Action                   |  1- 3 |  4- 6 || total
-------------------------+-------+-------++-------
Melee: Dagger            |    99 |    31 ||   130
Throw: Dart              |       |     3 ||     3
  Use: Potion            |       |     2 ||     2
 Stab: Sleeping          |     6 |     4 ||    10
Armor: Robe              |    19 |     4 ||    23
Dodge: Dodged            |    64 |    12 ||    76

Table legend: (Time is in decaauts)
 A = Elapsed time spent in this place.
 B = Non-inter-level travel time spent in this place.
 C = Inter-level travel time spent in this place.
 D = Time resting spent in this place.
 E = Time spent auto-exploring this place.
 F = Levels seen in this place.
 G = Mean time per level.
                   A        B        C        D        E       F      G
               +--------+--------+--------+--------+--------+-----+--------+
         Total |   1824 |   1801 |     23 |      0 |   1514 |   4 |  456.0 |
       Dungeon |   1824 |   1801 |     23 |      0 |   1514 |   4 |  456.0 |
               +--------+--------+--------+--------+--------+-----+--------+

Top non-repeatable levels by time:
     D:3: 1118 daAuts
     D:1: 370 daAuts
     D:2: 202 daAuts
     D:4: 131 daAuts
